 Dungeon Crawl Stone Soup version 0.31.0-11-ge490571c62 (webtiles) character file.

Game seed: 6945454619488920654

65 Gadfly the Insei (level 3, -5/29 HPs)
             Began as a Demonspawn Monk on Feb 1, 2024.
             Slain by a ribbon worm (7 damage)
             ... on level 2 of the Dungeon.
             The game lasted 00:03:23 (1658 turns).

Gadfly the Insei (Demonspawn Monk)                  Turns: 1658, Time: 00:03:23

Health: -5/29      AC:  2    Str: 13    XL:     3   Next: 94%
Magic:  4/4        EV: 13    Int: 10    God:
Gold:   83         SH:  0    Dex: 15    Spells: 2/2 levels left

rFire   . .          .
                       - Unarmed
rCold   . . .        c - orb {light}
rNeg    . . .        a - +0 robe
rPois   .            (helmet restricted)
rElec   .            (no cloak)
rCorr   .            (no gloves)
SInv    .            (no boots)
Will    .....        (no amulet)
Stlth   +            (no ring)
HPRegen 0.24/turn    (no ring)
MPRegen 0.09/turn

%: no passive effects
@: glowing
A: antennae 2
a: no special abilities


You were on level 2 of the Dungeon.
You visited 1 branch of the dungeon, and saw 2 of its levels.

You collected 83 gold pieces.

Inventory:

Armour
 a - a +0 robe (worn)
 c - an orb of light (worn)
Talismans
 h - a serpent talisman
Scrolls
 i - a scroll of vulnerability {unknown}
Potions
 b - a potion of ambrosia
 d - a potion of attraction
 e - a potion of lignification
 g - a potion of curing {unknown}
 l - a potion of cancellation {unknown}


   Skills:
 - Level 3.0 Fighting
 + Level 3.0 Dodging
 * Level 3.1 Unarmed Combat
 * Level 2.0 Invocations
 * Level 1.4 Evocations
 * Level 1.2 Shapeshifting


You had 2 spell levels left.
You didn't know any spells.
Your spell library was empty.

Dungeon Overview and Level Annotations

Branches:
Dungeon (2/15)

Altars:


Innate Abilities, Weirdness & Mutations

You have a pair of antennae on your head.


Message History

Your Invocations skill increases to level 2!
You hit the ribbon worm.
The ribbon worm is moderately wounded.
You feel sick.
The ribbon worm expels a string of sticky webbing.
The stream of webbing hits you but does no damage.
You are caught in a web!
You are too injured to fight recklessly!
You are too injured to fight recklessly!
You are too injured to fight recklessly!
You are too injured to fight recklessly!
You are too injured to fight recklessly!
You are too injured to fight recklessly!
You are too injured to fight recklessly!
You are too injured to fight recklessly!
You are too injured to fight recklessly!
You are too injured to fight recklessly!
You are too injured to fight recklessly!
You are too injured to fight recklessly!
You are too injured to fight recklessly!
You are too injured to fight recklessly!
You are too injured to fight recklessly!
You are too injured to fight recklessly!
You are too injured to fight recklessly!
You are too injured to fight recklessly!
You are too injured to fight recklessly!
You are too injured to fight recklessly!
You struggle to detach yourself from the web.
You feel sick.
You are no longer poisoned.
The ribbon worm bites you!
* * * LOW HITPOINT WARNING * * *
You struggle to detach yourself from the web.
The ribbon worm bites you.
* * * LOW HITPOINT WARNING * * *
The web tears apart.
You hit the ribbon worm.
The ribbon worm is moderately wounded.
The ribbon worm bites you!
You die...

###..###########†.
####...### ##.
##.......## ##
##...###...#
#...##.##..#
#####...##....###
##...##...######.#
##...†w##.........##
#..# #@.###........####
#.w[##...####.........
#####........#########
##..(##...####.......##
#..###..###........#.>.
##.....##.........#####
##...##...######......
#####...##J...#######
#...##)##..


You could see a ribbon worm.

Vanquished Creatures
  2 adders (D:2)
  A dart slug (D:1)
  2 endoplasms (D:2)
  A giant cockroach (D:1)
  4 goblins
  6 hobgoblins
  12 jackals
  A ball python (D:1)
  3 bats (D:1)
  5 kobolds
  3 rats
40 creatures vanquished.

Notes
Turn   | Place    | Note
-------+----------+-------------------------------------------
     0 | D:1      | Gadfly the Demonspawn Monk began the quest for the Orb.
     0 | D:1      | Reached XP level 1. HP: 18/18 MP: 1/1
   182 | D:1      | Reached skill level 1 in Invocations
   182 | D:1      | Gained mutation: You have a pair of small antennae on your
                  | head. [demonic ancestry]
   182 | D:1      | Reached XP level 2. HP: 8/24 MP: 2/2
   809 | D:1      | You fall into a shaft and drop 1 floor!
   814 | D:2      | Reached skill level 1 in Evocations
   826 | D:2      | Gained mutation: You have a pair of antennae on your head.
                  | [demonic ancestry]
   826 | D:2      | Reached XP level 3. HP: 25/29 MP: 4/4
   901 | D:2      | Reached skill level 1 in Shapeshifting
  1658 | D:2      | Slain by a ribbon worm

Illustrated notes

Levels and vault maps discovered:
D:1:      amcnicky_arrival_feature_with_door, layout_basic,
          kennysheep_small_spiral
D:2:      layout_loops_corners, minmay_puff

Skill      XL: |  1  2  3 |
---------------+----------+-----
Invocations    | 1 2 |  2.0
Evocations     | 1 |  1.4
Shapeshifting  | 1 |  1.2
Unarmed Combat | 3 |  3.1
Dodging        | 3 |  3.0
Fighting       | |  3.0

Action                     || total
---------------------------++-------
  Melee: Unarmed           ||   151
    Use: Scroll            ||     4
         Potion            ||     1
 Armour: Robe              ||    77
  Dodge: Dodged            ||   111
